[Event "7th Leer Open-B 2024"]
[Site "Leer"]
[Date "2024.10.31"]
[Round "2.3"]
[White "Ahrens, Gunnar"]
[Black "Wilmink, Marion"]
[Result "1-0"]
[ECO "A02"]
[WhiteElo "1760"]
[BlackElo "1545"]
[Annotator "NA COMBH"]
[PlyCount "39"]
[EventDate "2024.10.14"]
[EventType "swiss"]
[EventCountry "GER"]
[SourceTitle "playchess.com"]
[Source "ChessBase"]
[SourceQuality "1"]
[TimeControl "40/5400+30:900+30"]

1. f4 Nc6 2. Nf3 d6 3. e3 Nf6 4. Bb5 Bd7 5. O-O a6 6. Be2 e5 7. fxe5 dxe5 8. Nc3 Bc5 9. b3 O-O 10. Kh1 Be6 11. Bb2 Qd6 12. Ng5 Rad8 13. Bd3 h6 14. Rxf6 gxf6 15. Nce4 Qe7 16. Nxe6 fxe6 17. Qg4+ Qg7 18. Qxe6+ Kh8 19. Nxc5 Rg8 {[%emt 0:04:22] Check Result:7.87} 20. Qh3 1-0

[Event "7th Leer Open-B 2024"]
[Site "Leer"]
[Date "2024.10.31"]
[Round "2.4"]
[White "Fize, Aleksandrs"]
[Black "Domschke, Stephan"]
[Result "1/2-1/2"]
[ECO "A41"]
[WhiteElo "1711"]
[BlackElo "1797"]
[Annotator "NA COMBH"]
[PlyCount "66"]
[EventDate "2024.10.14"]
[EventType "swiss"]
[EventCountry "GER"]
[SourceTitle "playchess.com"]
[Source "ChessBase"]
[SourceQuality "1"]
[TimeControl "40/5400+30:900+30"]

1. d4 d6 2. Nc3 Nf6 3. Bf4 Bf5 4. f3 Nbd7 5. e4 Bg6 6. Bc4 e5 7. Be3 c6 8. Nge2 Be7 9. Qd2 b5 10. Bb3 exd4 11. Nxd4 Qc7 12. Rd1 O-O 13. h4 h5 14. Kf2 Nc5 15. Nde2 Nxb3 16. cxb3 b4 17. Na4 c5 18. Rdg1 Bxe4 19. g4 Bxf3 20. Kxf3 Qc6+ 21. Kf4 Qe4+ 22. Kg3 hxg4 23. Rf1 Nh5+ 24. Kh2 Bxh4 25. Kg1 g5 26. Bxg5 Bxg5 27. Qxg5+ Ng7 28. Rf2 f6 29. Qh6 Rae8 30. Ng3 Qd3 31. Kg2 Qd5+ 32. Kf1 Qd1+ 33. Kg2 {[%emt 0:00:05] Check Result:0.00} Qd5+ 1/2-1/2

[Event "7th Leer Open-B 2024"]
[Site "Leer"]
[Date "2024.10.31"]
[Round "2.4"]
[White "Pflug, Anton"]
[Black "Grooss, Jochen"]
[Result "1-0"]
[ECO "C02"]
[WhiteElo "1685"]
[BlackElo "1609"]
[Annotator "NA COMBH"]
[PlyCount "65"]
[EventDate "2024.10.14"]
[EventType "swiss"]
[EventCountry "GER"]
[SourceTitle "playchess.com"]
[Source "ChessBase"]
[SourceQuality "1"]
[TimeControl "40/5400+30:900+30"]

1. e4 e6 2. d4 d5 3. e5 c5 4. c3 Nc6 5. Nf3 Qb6 6. a3 c4 7. Be2 Na5 8. Nbd2 Bd7 9. O-O Be7 10. Re1 Nh6 11. Rb1 Nf5 12. g3 h5 13. h4 f6 14. Kg2 O-O-O 15. Nf1 Bxa3 16. b4 Bxc1 17. Qxc1 Nc6 18. Bd1 Rdg8 19. Ne3 Nh6 20. Bc2 g5 21. exf6 gxh4 22. Nxh4 Qd8 23. b5 Nb8 24. Qa3 Qxf6 25. Qc5+ Kd8 26. Qd6 Qxh4 27. Qxb8+ Bc8 28. Qd6+ Bd7 29. Qb8+ Bc8 30. b6 axb6 31. Rxb6 Nf7 32. Rxb7 Qf4 {[%emt 0:00:00] Check Result:#8} 33. Qxf4 1-0

[Event "7th Leer Open-B 2024"]
[Site "Leer"]
[Date "2024.10.31"]
[Round "2.5"]
[White "Ulrich, Thomas M"]
[Black "Fuchs, Stefan"]
[Result "*"]
[ECO "B13"]
[WhiteElo "2278"]
[BlackElo "2178"]
[Annotator "RC"]
[PlyCount "43"]
[EventDate "2024.10.14"]
[EventType "swiss"]
[EventCountry "GER"]
[SourceTitle "playchess.com"]
[Source "ChessBase"]
[SourceQuality "1"]
[TimeControl "40/5400+30:900+30"]

1. e4 c6 2. d4 d5 3. exd5 cxd5 4. Bd3 Nc6 5. c3 Nf6 6. h3 e5 7. dxe5 Nxe5 8. Qe2 Qe7 9. Bb5+ Bd7 10. Bxd7+ Nexd7 11. Be3 g6 12. Nf3 Bg7 13. O-O O-O 14. Nbd2 Nc5 15. Rfe1 Rfe8 16. Qb5 Nce4 17. Nxe4 dxe4 18. Bc5 Qc7 19. Nd2 Re5 20. Nf3 Ree8 21. Be3 Qe7 22. Nd4 *

[Event "7th Leer Open-B 2024"]
[Site "Leer"]
[Date "2024.10.31"]
[Round "2.5"]
[White "Greiner, Jan Oluf"]
[Black "Nechitaylo, Lev"]
[Result "0-1"]
[ECO "B34"]
[WhiteElo "1539"]
[BlackElo "1732"]
[Annotator "NA COMBH"]
[PlyCount "94"]
[EventDate "2024.10.14"]
[EventType "swiss"]
[EventCountry "GER"]
[SourceTitle "playchess.com"]
[Source "ChessBase"]
[SourceQuality "1"]
[TimeControl "40/5400+30:900+30"]

1. e4 c5 2. Nf3 Nc6 3. Bc4 Nf6 4. Nc3 g6 5. d4 cxd4 6. Nxd4 Bg7 7. Nxc6 bxc6 8. O-O O-O 9. Re1 Bb7 10. h3 e6 11. Bg5 Qc7 12. Qf3 Ne8 13. Be7 d5 14. Bxf8 Kxf8 15. Bb3 dxe4 16. Qxe4 c5 17. Qe2 Nd6 18. Nb5 Qc6 19. f3 Qxb5 20. Qxb5 Nxb5 21. c3 Rd8 22. Rad1 Rxd1 23. Rxd1 Ke7 24. Ba4 Nd6 25. Kf2 Bd5 26. Bb3 Bxb3 27. axb3 c4 28. b4 Kd7 29. Ra1 Nb5 30. Rd1+ Kc7 31. f4 f5 32. g4 Bf6 33. Kg3 Kc6 34. gxf5 exf5 35. Ra1 Kd5 36. Rd1+ Ke4 37. Rd7 Nxc3 38. bxc3 Bxc3 39. b5 Bd4 40. Re7+ Kd3 41. Rxh7 c3 42. Rc7 c2 43. Kh4 Bc3 44. Rd7+ Ke3 45. Rxa7 c1=Q 46. b6 Qg1 47. b7 {[%emt 0:00:00] Check Result:?ev?} Be1# 0-1

[Event "7th Leer Open-B 2024"]
[Site "Leer"]
[Date "2024.10.31"]
[Round "2.6"]
[White "Neumann, Hannes"]
[Black "Nair, Pranav Prasobh"]
[Result "1-0"]
[ECO "C58"]
[WhiteElo "1731"]
[BlackElo "1495"]
[Annotator "NA COMBH"]
[PlyCount "113"]
[EventDate "2024.10.14"]
[EventType "swiss"]
[EventCountry "GER"]
[SourceTitle "playchess.com"]
[Source "ChessBase"]
[SourceQuality "1"]
[TimeControl "40/5400+30:900+30"]

1. e4 e5 2. Nf3 Nc6 3. Bc4 Nf6 4. Ng5 d5 5. exd5 Na5 6. Bb5+ c6 7. dxc6 bxc6 8. Qf3 Bb7 9. Bd3 Bd6 10. b3 h6 11. Ne4 Nxe4 12. Bxe4 Rc8 13. O-O Qe7 14. Bb2 c5 15. Bxb7 Qxb7 16. Qg3 f6 17. Qe3 O-O 18. f4 Rfe8 19. fxe5 Nc4 20. Qd3 Bxe5 21. Qxc4+ Kh8 22. Bxe5 Rxe5 23. Nc3 Rd8 24. d3 a6 25. Rae1 Rg5 26. Qe4 Qd7 27. Qe7 Qd4+ 28. Kh1 Rg8 29. Ne4 Re5 30. Qa7 f5 31. Ng3 Rxe1 32. Rxe1 Qf2 33. Rf1 Qxc2 34. Qxa6 Rf8 35. h3 Rf6 36. Qc8+ Kh7 37. Nh5 Rf7 38. Qe6 Qxd3 39. Qxf7 Qxf1+ 40. Kh2 Qa1 41. Qxg7+ Qxg7 42. Nxg7 Kxg7 43. a4 Kf7 44. a5 Ke6 45. a6 Ke5 46. a7 Kd4 47. a8=Q Kc3 48. Qa5+ Kxb3 49. Qxc5 f4 50. Kg1 h5 51. Kf2 h4 52. Ke2 f3+ 53. gxf3 Kb2 54. Kd3 Kb3 55. Qb5+ Ka2 56. Kc2 Ka1 {[%emt 0:00:18] Check Result:?ev?} 57. Qa6# 1-0

[Event "7th Leer Open-B 2024"]
[Site "Leer"]
[Date "2024.10.31"]
[Round "2.7"]
[White "Wohlrabe, Joerg"]
[Black "Voigt, Dominik"]
[Result "0-1"]
[ECO "B13"]
[WhiteElo "1698"]
[BlackElo "1781"]
[Annotator "NA COMBH"]
[PlyCount "58"]
[EventDate "2024.10.14"]
[EventType "swiss"]
[EventCountry "GER"]
[SourceTitle "playchess.com"]
[Source "ChessBase"]
[SourceQuality "1"]
[TimeControl "40/5400+30:900+30"]

1. e4 c6 2. d4 d5 3. exd5 cxd5 4. Nf3 Nc6 5. Be2 Bf5 6. c3 e6 7. a4 Bd6 8. b4 Nf6 9. h3 h6 10. Bd3 Ne4 11. O-O O-O 12. Re1 Rc8 13. Bxe4 Bxe4 14. Nbd2 Bh7 15. Nb3 Nxb4 16. cxb4 Bc2 17. Qe2 Bxb3 18. Qb2 Bc2 19. Be3 Be4 20. Rac1 Qe7 21. Rxc8 Rxc8 22. b5 Rc2 23. Qa1 Bb4 24. Rd1 Bc3 25. Qb1 Qa3 26. Ne1 Bxe1 27. Rxe1 Rxf2 28. Qd1 Rxg2+ 29. Kf1 {[%emt 0:00:08] Check Result:-11.44} Qd6 0-1

[Event "7th Leer Open-B 2024"]
[Site "Leer"]
[Date "2024.10.31"]
[Round "2.7"]
[White "Kutz, Henning Jasper"]
[Black "Aleanakian, Gabriel"]
[Result "1-0"]
[ECO "B31"]
[WhiteElo "1547"]
[BlackElo "1721"]
[Annotator "NA COMBH"]
[PlyCount "77"]
[EventDate "2024.10.14"]
[EventType "swiss"]
[EventCountry "GER"]
[SourceTitle "playchess.com"]
[Source "ChessBase"]
[SourceQuality "1"]
[TimeControl "40/5400+30:900+30"]

1. e4 c5 2. Nf3 Nc6 3. Nc3 g6 4. Bb5 Bg7 5. O-O Nf6 6. d3 O-O 7. h3 a6 8. Bxc6 dxc6 9. Bg5 Be6 10. Rb1 Nd7 11. a3 Re8 12. Qd2 Ne5 13. Nxe5 Bxe5 14. Bh6 b5 15. Qe3 Qd4 16. Qd2 b4 17. Ne2 Qd6 18. axb4 cxb4 19. d4 a5 20. dxe5 Qxe5 21. Qd4 Qf6 22. Qxf6 exf6 23. Be3 Bc4 24. Rfe1 f5 25. exf5 gxf5 26. b3 Bb5 27. Nd4 a4 28. bxa4 Bxa4 29. Ra1 c5 30. Nxf5 Re5 31. Nd6 Rd5 32. Nc4 Bc6 33. Rxa8+ Bxa8 34. Nb6 Rd8 35. Bxc5 Bc6 36. Bxb4 Rd4 37. Bc3 Rd6 38. Nc4 Bb5 {[%emt 0:00:45] Check Result:#9} 39. Nxd6 1-0

[Event "7th Leer Open-B 2024"]
[Site "Leer"]
[Date "2024.10.31"]
[Round "2.8"]
[White "Marzik, Arne"]
[Black "Seeber, Helmut"]
[Result "1-0"]
[ECO "E09"]
[WhiteElo "1780"]
[BlackElo "1694"]
[Annotator "NA COMBH"]
[PlyCount "57"]
[EventDate "2024.10.14"]
[EventType "swiss"]
[EventCountry "GER"]
[SourceTitle "playchess.com"]
[Source "ChessBase"]
[SourceQuality "1"]
[TimeControl "40/5400+30:900+30"]

1. d4 d5 2. Nf3 Nf6 3. g3 e6 4. c4 c6 5. Bg2 Nbd7 6. O-O Be7 7. Qc2 O-O 8. Nbd2 h6 9. e4 dxc4 10. Nxc4 b6 11. Bf4 Ba6 12. Rfd1 Rc8 13. Nd6 Bxd6 14. Bxd6 Re8 15. Ne5 c5 16. Qa4 Be2 17. Rd2 Bh5 18. Nc6 Rxc6 19. Qxc6 Nb8 20. Bxb8 Qxb8 21. dxc5 Rc8 22. Qd6 bxc5 23. Qxb8 Rxb8 24. Rc1 Rc8 25. e5 Nd5 26. Bxd5 exd5 27. Rxd5 c4 28. e6 fxe6 {[%emt 0:00:33] Check Result:9.68} 29. Rxh5 1-0

[Event "7th Leer Open-B 2024"]
[Site "Leer"]
[Date "2024.10.31"]
[Round "2.8"]
[White "Greiner, Andre"]
[Black "Karich, Oliver"]
[Result "0-1"]
[ECO "C10"]
[WhiteElo "1476"]
[BlackElo "1711"]
[Annotator "NA COMBH"]
[PlyCount "40"]
[EventDate "2024.10.14"]
[EventType "swiss"]
[EventCountry "GER"]
[SourceTitle "playchess.com"]
[Source "ChessBase"]
[SourceQuality "1"]
[TimeControl "40/5400+30:900+30"]

1. d4 d5 2. Nc3 e6 3. e4 dxe4 4. Nxe4 Be7 5. Bd3 Nf6 6. Nf3 O-O 7. h3 b6 8. Neg5 h6 9. Ne4 Bb7 10. Nxf6+ Bxf6 11. Bc4 Nd7 12. Bd2 c5 13. c3 Rc8 14. Qa4 cxd4 15. Qxa7 dxc3 16. Bxc3 Bxc3+ 17. bxc3 Qc7 18. Qa4 Qxc4 19. Qxd7 Qxc3+ 20. Ke2 {[%emt 0:01:03] Check Result:-#3} Ba6+ 0-1

[Event "7th Leer Open-B 2024"]
[Site "Leer"]
[Date "2024.10.31"]
[Round "2.10"]
[White "Sviridov, Vitaliy"]
[Black "Kamps, Manuel"]
[Result "1-0"]
[ECO "A48"]
[WhiteElo "1772"]
[BlackElo "1691"]
[Annotator "NA COMBH"]
[PlyCount "63"]
[EventDate "2024.10.14"]
[EventType "swiss"]
[EventCountry "GER"]
[SourceTitle "playchess.com"]
[Source "ChessBase"]
[SourceQuality "1"]
[TimeControl "40/5400+30:900+30"]

1. d4 Nf6 2. Nf3 g6 3. Bf4 Bg7 4. h3 d6 5. e3 Nbd7 6. Be2 O-O 7. O-O Nh5 8. Bh2 f5 9. Ng5 Ndf6 10. g4 Bh6 11. gxh5 Bxg5 12. hxg6 hxg6 13. f4 Bh4 14. Nd2 Nd5 15. Bc4 e6 16. Qf3 Nb6 17. Bb3 d5 18. Bg3 Kg7 19. Qf2 Bf6 20. Qg2 Nd7 21. Kf2 c5 22. c3 Qa5 23. Nf3 c4 24. Bc2 b5 25. a3 Nb6 26. Rg1 Rh8 27. Bh4 Rh6 28. Bxf6+ Kxf6 29. Qg5+ Kg7 30. Qe7+ Kg8 31. Ne5 Qa6 {[%emt 0:03:45] Check Result:7.17} 32. Qf7+ 1-0

[Event "7th Leer Open-B 2024"]
[Site "Leer"]
[Date "2024.10.31"]
[Round "2.11"]
[White "Wolthekker, Theo"]
[Black "Limper, Cornelia"]
[Result "1/2-1/2"]
[ECO "B01"]
[WhiteElo "1681"]
[BlackElo "1483"]
[Annotator "NA COMBH"]
[PlyCount "43"]
[EventDate "2024.10.14"]
[EventType "swiss"]
[EventCountry "GER"]
[SourceTitle "playchess.com"]
[Source "ChessBase"]
[SourceQuality "1"]
[TimeControl "40/5400+30:900+30"]

1. e4 d5 2. e5 c5 3. d4 cxd4 4. Bd3 e6 5. a3 Nc6 6. f4 Be7 7. Nf3 Bd7 8. Nbd2 Nh6 9. Nb3 Qb6 10. O-O O-O 11. Kh1 f5 12. exf6 Bxf6 13. Qe1 Rae8 14. Ne5 Nxe5 15. fxe5 Be7 16. Bxh6 gxh6 17. Qe2 Rxf1+ 18. Rxf1 Rf8 19. Rxf8+ Bxf8 20. Qh5 Qd8 21. Nxd4 Qg5 {[%emt 0:01:04] Check Result:-0.40} 22. Qxg5+ 1/2-1/2

[Event "7th Leer Open-B 2024"]
[Site "Leer"]
[Date "2024.10.31"]
[Round "2.12"]
[White "Wilmink, Luca"]
[Black "Geib, Niklas"]
[Result "1-0"]
[ECO "C50"]
[WhiteElo "1712"]
[BlackElo "1683"]
[Annotator "NA COMBH"]
[PlyCount "67"]
[EventDate "2024.10.14"]
[EventType "swiss"]
[EventCountry "GER"]
[SourceTitle "playchess.com"]
[Source "ChessBase"]
[SourceQuality "1"]
[TimeControl "40/5400+30:900+30"]

1. e4 e5 2. Nf3 Nc6 3. d4 exd4 4. Bc4 h6 5. O-O Bc5 6. c3 dxc3 7. Bxf7+ Kxf7 8. Qd5+ Ke8 9. Qh5+ Kf8 10. Qxc5+ d6 11. Qxc3 Nf6 12. Nbd2 Bg4 13. b3 Qe8 14. Bb2 Rg8 15. Rfe1 Bxf3 16. Qxf3 Ne5 17. Qc3 c5 18. f4 Nc6 19. e5 Nd5 20. Qf3 Qf7 21. e6 Qf5 22. g4 Qc2 23. Qxd5 Qxb2 24. Qxd6+ Ne7 25. Nc4 Qd4+ 26. Qxd4 cxd4 27. Rad1 Rd8 28. Ne5 g6 29. Nd7+ Kg7 30. Rxd4 h5 31. h3 Rh8 32. Kg2 g5 33. f5 hxg4 {[%emt 0:00:13] Check Result:14.97} 34. f6+ 1-0

[Event "7th Leer Open-B 2024"]
[Site "Leer"]
[Date "2024.10.31"]
[Round "2.13"]
[White "Kopylov, Diana"]
[Black "Sparding, Norbert"]
[Result "1-0"]
[ECO "B15"]
[WhiteElo "1787"]
[BlackElo "1557"]
[Annotator "NA COMBH"]
[PlyCount "53"]
[EventDate "2024.10.14"]
[EventType "swiss"]
[EventCountry "GER"]
[SourceTitle "playchess.com"]
[Source "ChessBase"]
[SourceQuality "1"]
[TimeControl "40/5400+30:900+30"]

1. e4 c6 2. d4 d5 3. Nc3 dxe4 4. Nxe4 Nf6 5. Nxf6+ exf6 6. c3 Bf5 7. Bc4 Bd6 8. Be3 O-O 9. Ne2 Nd7 10. Ng3 Bg6 11. O-O Re8 12. Qf3 Qc7 13. a3 a5 14. Ba2 a4 15. Rac1 Ra5 16. c4 Bxg3 17. hxg3 Rf5 18. Bf4 Qb6 19. Qc3 Re2 20. Bb1 Ra5 21. Rfe1 Rxe1+ 22. Rxe1 Ra8 23. Bxg6 fxg6 24. Re7 Rd8 25. c5 Qb3 26. Qxb3+ axb3 {[%emt 0:00:32] Check Result:5.87} 27. Bc7 1-0

[Event "7th Leer Open-B 2024"]
[Site "Leer"]
[Date "2024.10.31"]
[Round "2.14"]
[White "Kompe, Joerg"]
[Black "Schenk, Quentin Alexander"]
[Result "1/2-1/2"]
[ECO "E91"]
[WhiteElo "1721"]
[BlackElo "1554"]
[Annotator "NA COMBH"]
[PlyCount "36"]
[EventDate "2024.10.14"]
[EventType "swiss"]
[EventCountry "GER"]
[SourceTitle "playchess.com"]
[Source "ChessBase"]
[SourceQuality "1"]
[TimeControl "40/5400+30:900+30"]

1. d4 Nf6 2. Nf3 g6 3. c4 Bg7 4. Nc3 d6 5. e4 O-O 6. Be2 Re8 7. O-O a6 8. h3 c5 9. Be3 cxd4 10. Nxd4 e5 11. Nc2 Be6 12. Qd2 Qc8 13. Qxd6 Bxh3 14. gxh3 Qxh3 15. Qd3 Ng4 16. Bxg4 Qxg4+ 17. Kh2 Qh4+ 18. Kg2 {[%emt 0:00:18] Check Result:0.00} Qg4+ 1/2-1/2

[Event "7th Leer Open-B 2024"]
[Site "Leer"]
[Date "2024.10.31"]
[Round "2.14"]
[White "Gaertner, Lars-Florian"]
[Black "Hutwalker, Michael"]
[Result "1-0"]
[ECO "C30"]
[WhiteElo "1675"]
[BlackElo "1760"]
[Annotator "NA COMBH"]
[PlyCount "57"]
[EventDate "2024.10.14"]
[EventType "swiss"]
[EventCountry "GER"]
[SourceTitle "playchess.com"]
[Source "ChessBase"]
[SourceQuality "1"]
[TimeControl "40/5400+30:900+30"]

1. e4 e5 2. Nc3 Nf6 3. f4 d6 4. Nf3 Nc6 5. Bb5 exf4 6. d4 Bd7 7. Bxc6 Bxc6 8. d5 Bd7 9. Bxf4 h6 10. O-O g5 11. Bg3 Nh5 12. Bf2 Nf4 13. Bd4 Rg8 14. e5 g4 15. Nd2 Ng6 16. Nde4 Be7 17. exd6 cxd6 18. Bf6 Qb6+ 19. Bd4 Qc7 20. Qe2 Kf8 21. Nf6 Bxf6 22. Rxf6 Ne5 23. Bxe5 dxe5 24. Rxh6 Kg7 25. Qd2 f6 26. Rf1 Raf8 27. Ne4 f5 28. Qg5+ Kf7 {[%emt 0:00:09] Check Result:29.45} 29. Qh5+ 1-0

[Event "7th Leer Open-B 2024"]
[Site "Leer"]
[Date "2024.10.31"]
[Round "2.15"]
[White "Kuhlins, Niklas"]
[Black "Becker, Axel"]
[Result "1/2-1/2"]
[ECO "D35"]
[WhiteElo "1758"]
[BlackElo "1675"]
[Annotator "NA COMBH"]
[PlyCount "77"]
[EventDate "2024.10.14"]
[EventType "swiss"]
[EventCountry "GER"]
[SourceTitle "playchess.com"]
[Source "ChessBase"]
[SourceQuality "1"]
[TimeControl "40/5400+30:900+30"]

1. d4 d5 2. c4 e6 3. cxd5 exd5 4. Nc3 Nf6 5. Bg5 Be7 6. e3 O-O 7. Bd3 b6 8. Qc2 h6 9. Bh4 Ba6 10. Nf3 Bxd3 11. Qxd3 Nbd7 12. O-O c5 13. Bxf6 Nxf6 14. dxc5 bxc5 15. Rfd1 Qb6 16. Rd2 Rfd8 17. Rad1 Qe6 18. Qb5 Rab8 19. Qa5 Rd7 20. h3 Rbd8 21. Qa4 Rb8 22. Qc2 Rb4 23. b3 g5 24. a3 Rb8 25. Nh2 d4 26. exd4 cxd4 27. Rxd4 Rxd4 28. Rxd4 Rxb3 29. Qd2 Rxa3 30. Nf3 Qc6 31. Nd5 Ra1+ 32. Kh2 Bd6+ 33. g3 Nxd5 34. Rxd5 Ra6 35. Nxg5 Bxg3+ 36. Kxg3 Qc7+ 37. Kg2 hxg5 38. Rxg5+ Rg6 {[%emt 0:00:35] Check Result:0.00} 39. Rxg6+ 1/2-1/2

[Event "7th Leer Open-B 2024"]
[Site "Leer"]
[Date "2024.10.31"]
[Round "2.15"]
[White "Krause, Volker"]
[Black "Tietjen, Joshua"]
[Result "0-1"]
[ECO "A48"]
[WhiteElo "1517"]
[BlackElo "1697"]
[Annotator "NA COMBH"]
[PlyCount "64"]
[EventDate "2024.10.14"]
[EventType "swiss"]
[EventCountry "GER"]
[SourceTitle "playchess.com"]
[Source "ChessBase"]
[SourceQuality "1"]
[TimeControl "40/5400+30:900+30"]

1. d4 g6 2. Bf4 Bg7 3. Nf3 d6 4. e3 Nd7 5. c3 Ngf6 6. Bd3 O-O 7. O-O b6 8. Nbd2 Bb7 9. Re1 c5 10. Rc1 Nh5 11. Bg3 Nxg3 12. hxg3 e5 13. e4 cxd4 14. cxd4 exd4 15. Nb3 Nc5 16. Nxc5 dxc5 17. a3 Qe7 18. Qd2 Rfd8 19. b4 Rac8 20. Kf1 Bf8 21. Qb2 cxb4 22. axb4 Qxb4 23. Qxb4 Bxb4 24. Red1 Rxc1 25. Rxc1 Bc3 26. Ne5 f6 27. Nf3 Re8 28. g4 Bxe4 29. Be2 a5 30. Rd1 Bc2 31. Rc1 d3 32. Bd1 {[%emt 0:02:17] Check Result:-8.79} d2 0-1

[Event "7th Leer Open-B 2024"]
[Site "Leer"]
[Date "2024.10.31"]
[Round "2.16"]
[White "Meyer, Tobias"]
[Black "Jablonski, Ture"]
[Result "1-0"]
[ECO "C13"]
[WhiteElo "1671"]
[BlackElo "1756"]
[Annotator "NA COMBH"]
[PlyCount "91"]
[EventDate "2024.10.14"]
[EventType "swiss"]
[EventCountry "GER"]
[SourceTitle "playchess.com"]
[Source "ChessBase"]
[SourceQuality "1"]
[TimeControl "40/5400+30:900+30"]

1. e4 e6 2. d4 d5 3. Nc3 Nf6 4. Bg5 dxe4 5. Nxe4 Be7 6. Nxf6+ Bxf6 7. Bxf6 Qxf6 8. Nf3 O-O 9. Bd3 c5 10. O-O cxd4 11. Nxd4 Rd8 12. Nb5 Nc6 13. Nc3 Ne5 14. Ne4 Qe7 15. Qe2 Nxd3 16. cxd3 Bd7 17. Nc3 Bc6 18. Rfe1 Rd7 19. Rad1 Rad8 20. Rd2 Qg5 21. g3 Qf5 22. Ne4 Bxe4 23. Qxe4 Qxe4 24. Rxe4 Rxd3 25. Rxd3 Rxd3 26. Rc4 Kf8 27. Rc7 b5 28. Rxa7 Rd2 29. b3 Ke8 30. a4 Rd7 31. Rxd7 Kxd7 32. axb5 Kc7 33. Kf1 Kb6 34. Ke2 e5 35. Kd3 f5 36. Kc4 f4 37. Kd5 Kxb5 38. Kxe5 Kb4 39. Kxf4 Kxb3 40. Kf5 Kc4 41. Ke6 Kd3 42. Kf7 g5 43. h4 gxh4 44. gxh4 Ke4 45. h5 Kf5 {[%emt 0:03:48] Check Result:#14} 46. h6 1-0

[Event "7th Leer Open-B 2024"]
[Site "Leer"]
[Date "2024.10.31"]
[Round "2.16"]
[White "Wessels, Keke"]
[Black "Visschers, Fred"]
[Result "1-0"]
[ECO "A43"]
[WhiteElo "1508"]
[BlackElo "1675"]
[Annotator "NA COMBH"]
[PlyCount "71"]
[EventDate "2024.10.14"]
[EventType "swiss"]
[EventCountry "GER"]
[SourceTitle "playchess.com"]
[Source "ChessBase"]
[SourceQuality "1"]
[TimeControl "40/5400+30:900+30"]

1. d4 c5 2. d5 Qb6 3. Nc3 e5 4. Nf3 d6 5. e4 f5 6. Ng5 Nf6 7. Bb5+ Bd7 8. Bxd7+ Nbxd7 9. Ne6 fxe4 10. O-O h6 11. Re1 Rc8 12. Nxe4 Ke7 13. Kh1 c4 14. f4 Nxe4 15. Rxe4 Nf6 16. Re2 e4 17. Be3 Qa5 18. Bd4 Nxd5 19. Rxe4 Kd7 20. Nxf8+ Rhxf8 21. Qg4+ Kc6 22. Bxg7 Rg8 23. Rxc4+ Qc5 24. Rxc5+ Kxc5 25. b4+ Kc6 26. Rd1 Nxb4 27. f5 a5 28. Qc4+ Kd7 29. Qe6+ Kc6 30. Qxd6+ Kb5 31. Rb1 Ka4 32. Qd7+ b5 33. c3 Nc6 34. Qd5 Rxg7 35. Qxb5+ Ka3 {[%emt 0:00:00] Check Result:?ev?} 36. Qb3# 1-0

[Event "7th Leer Open-B 2024"]
[Site "Leer"]
[Date "2024.10.31"]
[Round "2.17"]
[White "Drozd, Maciej"]
[Black "Grabowski, Joshua"]
[Result "0-1"]
[ECO "C01"]
[WhiteElo "1752"]
[BlackElo "1623"]
[Annotator "NA COMBH"]
[PlyCount "56"]
[EventDate "2024.10.14"]
[EventType "swiss"]
[EventCountry "GER"]
[SourceTitle "playchess.com"]
[Source "ChessBase"]
[SourceQuality "1"]
[TimeControl "40/5400+30:900+30"]

1. e4 e6 2. d4 d5 3. Bd3 c5 4. exd5 Qxd5 5. Nc3 Qxd4 6. Nb5 Qe5+ 7. Ne2 Na6 8. Bd2 Bd7 9. O-O Nf6 10. a4 Nd5 11. c3 Nac7 12. f4 Qf6 13. Qb3 Qd8 14. Rae1 Nxb5 15. axb5 Bd6 16. c4 Nf6 17. f5 O-O 18. Bg5 Be7 19. fxe6 Bxe6 20. Nf4 Qd4+ 21. Kh1 h6 22. Nxe6 fxe6 23. Bc1 Ne4 24. Be3 Rxf1+ 25. Bxf1 Qf6 26. Qc2 Qh4 27. Qc1 Bd6 28. h3 {[%emt 0:01:50] Check Result:-#11} Qg3 0-1

[Event "7th Leer Open-B 2024"]
[Site "Leer"]
[Date "2024.10.31"]
[Round "2.17"]
[White "Goerzen, Lina"]
[Black "Rabe, Elina"]
[Result "1-0"]
[ECO "C44"]
[WhiteElo "1667"]
[BlackElo "1515"]
[Annotator "NA COMBH"]
[PlyCount "51"]
[EventDate "2024.10.14"]
[EventType "swiss"]
[EventCountry "GER"]
[SourceTitle "playchess.com"]
[Source "ChessBase"]
[SourceQuality "1"]
[TimeControl "40/5400+30:900+30"]

1. e4 e5 2. Nf3 Nc6 3. d4 exd4 4. Bc4 Bb4+ 5. c3 dxc3 6. O-O cxb2 7. Bxb2 Nf6 8. e5 Ne4 9. Qd5 O-O 10. Qxe4 Re8 11. a3 Ba5 12. Nc3 d6 13. Qf4 Nxe5 14. Nxe5 Rxe5 15. Qxf7+ Kh8 16. Ne4 Qe8 17. Ng5 Be6 18. Bxe6 Rxg5 19. Rad1 Qc6 20. Rd5 Rg6 21. g3 Qe8 22. Qxe8+ Rxe8 23. Bf7 Re2 24. Bxg6 Rxb2 25. Rxa5 hxg6 {[%emt 0:00:03] Check Result:7.27} 26. Rxa7 1-0

[Event "7th Leer Open-B 2024"]
[Site "Leer"]
[Date "2024.10.31"]
[Round "2.18"]
[White "Junge, Julia Marie"]
[Black "Heeren, Ragnar"]
[Result "1-0"]
[ECO "C50"]
[WhiteElo "1625"]
[BlackElo "1503"]
[Annotator "NA COMBH"]
[PlyCount "63"]
[EventDate "2024.10.14"]
[EventType "swiss"]
[EventCountry "GER"]
[SourceTitle "playchess.com"]
[Source "ChessBase"]
[SourceQuality "1"]
[TimeControl "40/5400+30:900+30"]

1. e4 e5 2. Nf3 Nc6 3. d4 d6 4. Bc4 Be6 5. d5 Bd7 6. dxc6 Bxc6 7. Nc3 Nf6 8. Ng5 Qd7 9. Nxf7 Rg8 10. Ng5 Rh8 11. O-O O-O-O 12. Be6 Kb8 13. Bxd7 Bxd7 14. Nf7 Be7 15. Nxh8 Rxh8 16. Nd5 Nxd5 17. exd5 Rf8 18. f4 exf4 19. Rxf4 Re8 20. Qh5 g6 21. Qxh7 a6 22. Rf7 Bf5 23. Rxe7 Rc8 24. Bf4 Ka7 25. Bxd6 Kb6 26. Bxc7+ Kc5 27. d6 Ra8 28. Rd1 Bxc2 29. Bb6+ Kxb6 30. Rxb7+ Ka5 31. Qc7+ Ka4 {[%emt 0:00:00] Check Result:?ev?} 32. Rd4# 1-0